 Dungeon Crawl Stone Soup version 0.26-a0-1033-gd598b01645 (webtiles) character file.

Game seed: 14484158809039092110

41 Morbidden the Conjurer (level 3, -1/25 HPs)
             Began as a Demonspawn Conjurer on Dec 10, 2020.
             Slain by Natasha (3 damage)
             ... on level 2 of the Dungeon.
             The game lasted 00:01:38 (1447 turns).

Morbidden the Conjurer (Demonspawn Conjurer)        Turns: 1447, Time: 00:01:39

Health: -1/25      AC:  4    Str:  7    XL:     3   Next: 32%
Magic:  2/6        EV: 12    Int: 20    God:
Gold:   42         SH:  0    Dex: 11    Spells: 3/6 levels left

rFire    . . .     SeeInvis .   (no weapon)
rCold    . . .     Faith    .   (no shield)
rNeg     . . .     Spirit   .   a - +0 robe
rPois    .         Reflect  .   (no helmet)
rElec    .         Harm     +   b - scarf {harm}
rCorr    .         Rampage  .   (no gloves)
Will     .....                  (no boots)
Stlth    ++........             (no amulet)
HPRegen  0.08/turn              (no ring)
MPRegen  0.10/turn              (no ring)

@: slowed, very slow
A: talons 1, molten scales 1
a: no special abilities


You were on level 2 of the Dungeon.
You visited 1 branch of the dungeon, and saw 2 of its levels.

You collected 42 gold pieces.

Inventory:

Armour
 a - a +0 robe (worn)
 b - a scarf of harm (worn)
Scrolls
 c - a scroll of magic mapping {unknown}
 e - 3 scrolls of teleportation {unknown}
Potions
 d - 2 potions of invisibility {unknown}
 f - 2 potions of berserk rage {unknown}
 g - a potion of curing {unknown}


   Skills:
 * Level 0.6 Fighting
 * Level 2.0 Dodging
 + Level 1.8 Stealth
 + Level 0.1 Unarmed Combat
 * Level 2.3 Spellcasting
 * Level 4.6 Conjurations


You had 3 spell levels left.
You knew the following spells:

 Your Spells              Type           Power        Failure   Level
a - Magic Dart            Conj           ###.         2%          1
b - Searing Ray           Conj           ###...       3%          2

Your spell library contained the following spells:

 Spells                   Type           Power        Failure   Level
 Dazzling Flash           Conj/Hex       ##....       17%         3
 Fulminant Prism          Conj/Hex       ##........   50%         4
 Iskenderun's Mystic Bla  Conj/Tloc      ##......     50%         4


Dungeon Overview and Level Annotations

Branches:
Dungeon (2/15)

Altars:

Annotations:
D:2 Natasha


Innate Abilities, Weirdness & Mutations

You have sharp toenails.
You are partially covered in molten scales. (AC +2)


Message History

You feel yourself slow down.
The kobold shouts!
Unknown command.
Natasha mumbles some strange words.
Natasha barely misses you.
You closely miss Natasha. Natasha closely misses you.
You completely miss Natasha. Natasha claws you.
Natasha stares at you and mumbles some strange words.
The magic dart hits you.
* * * LOW HITPOINT WARNING * * *
You barely miss Natasha. Natasha closely misses you.
You closely miss Natasha.
Natasha stares at you and mumbles some strange words.
The magic dart hits you.
* * * LOW HITPOINT WARNING * * *
Natasha barely misses you.
You hit Natasha but do no damage. You claw Natasha.
Natasha is moderately wounded.
Natasha claws you.
You die...

...... #.#.##....#
#.#..+....####..
....##.†........
###.#.##...)......
..#.#.##g###......
###.#.#.##K# .....
#<#.#.#.##h# ....
#.#.#'#'##@# K..
#..........# ..
####.......# .
#...........##
#......[....#
#....[......#
#†...#......#
#....#........
#....#######.#


You could see Natasha, a gnoll and a kobold.

Vanquished Creatures
  A gnoll (D:2)
  A dart slug (D:1)
  A leopard gecko (D:1)
  4 giant cockroaches
  4 goblins (D:1)
  2 hobgoblins (D:1)
  4 jackals (D:1)
  6 bats
  A frilled lizard (D:1)
  2 rats (D:1)
26 creatures vanquished.

Notes
Turn   | Place    | Note
-------+----------+-------------------------------------------
     0 | D:1      | Morbidden the Demonspawn Conjurer began the quest for the
                  | Orb.
     0 | D:1      | Reached XP level 1. HP: 13/13 MP: 3/3
   303 | D:1      | Gained mutation: You have sharp toenails. [demonic
                  | ancestry]
   303 | D:1      | Reached XP level 2. HP: 13/19 MP: 5/5
   794 | D:1      | Learned a level 2 spell: Searing Ray
  1223 | D:1      | Gained mutation: You are partially covered in molten
                  | scales. (AC +2) [demonic ancestry]
  1223 | D:1      | Reached XP level 3. HP: 23/25 MP: 1/6
  1435 | D:2      | Noticed Natasha
  1447 | D:2      | Slain by Natasha

Illustrated notes

Levels and vault maps discovered:
D:1:      erik_arrival_triangle_medium, layout_loops_ring, minmay_misc_feat_iff
D:2:      layout_basic, gammafunk_temple_overflow_elements, uniq_terence,
          uniq_natasha, uniq_sigmund

Skill      XL: |  1  2 |
---------------+-------+-----
Dodging        | 2 |  2.0
Fighting       | |  0.6
Stealth        | |  1.8
Unarmed Combat | |  0.1
Spellcasting   | |  2.3
Conjurations   | |  4.6

Action                   || total
-------------------------++-------
Melee: Unarmed           ||    47
       Kick              ||    10
 Cast: Magic Dart        ||    51
Armor: Robe              ||    17
Dodge: Dodged            ||    57

Table legend: (Time is in decaauts)
 A = Elapsed time spent in this place.
 B = Non-inter-level travel time spent in this place.
 C = Inter-level travel time spent in this place.
 D = Time resting spent in this place.
 E = Time spent auto-exploring this place.
 F = Levels seen in this place.
 G = Mean time per level.
                   A        B        C        D        E       F      G
               +--------+--------+--------+--------+--------+-----+--------+
         Total |   1451 |   1422 |     29 |      0 |   1216 |   2 |  725.5 |
       Dungeon |   1451 |   1422 |     29 |      0 |   1216 |   2 |  725.5 |
               +--------+--------+--------+--------+--------+-----+--------+

Top non-repeatable levels by time:
     D:1: 1396 daAuts
     D:2: 55 daAuts
